[Event "ICC tourney 1979 (3 2)"]
[Site "Internet Chess Club"]
[Date "2020.08.28"]
[Round "8"]
[White "Viking21"]
[Black "chessrex"]
[Result "0-1"]
[ICCResult "White forfeits on time"]
[WhiteElo "1539"]
[BlackElo "1961"]
[Opening "Two knights defense"]
[ECO "C58"]
[NIC "KP.01"]
[Time "21:45:01"]
[TimeControl "180+2"]

1. e4 e5 2. Nf3 Nc6 3. Bc4 Nf6 4. Ng5 d5 5. exd5 Na5 6. Bb5+ Bd7 7. Qe2 Nxd5
8. Qxe5+ Qe7 9. Bxd7+ Kxd7 10. Qxe7+ Kxe7 11. c3 h6 12. Nf3 Nc6 13. d4 Kd7
14. O-O Bd6 15. Nbd2 Rae8 16. Nc4 Bf4 17. Bxf4 Nxf4 18. Nfe5+ Nxe5 19. Nxe5+
Ke7 20. Rfe1 Kf6 21. Re3 g5 22. Rae1 Kg7 23. g3 Nd5 24. R3e2 Re6 25. Nd7 Rd6
26. Nc5 b6 27. Nd3 Rhd8 28. Re8 h5 29. Rxd8 Rxd8 30. Re5 f6 31. Re6 Kf7 32.
Re4 a5 33. h4 Rg8 34. Kf1 Rd8 35. hxg5 fxg5 36. Ne5+ Kf6 37. Nf3 c6 38. Re5
Rg8 39. Ke2 Rg7 40. a3 b5 41. Kd3 Nb6 42. Re8 Nc4 43. Kc2 Nd6 44. Rd8 Ke7
45. Ra8 Kf6 46. Ra6 Rc7 47. Ne5 Kf5 48. Nxc6 Ne4 49. Ne5 Nxf2 50. Rxa5 Ke4
51. Rxb5 h4 52. gxh4 gxh4 53. Kd2 Rh7 54. Ke2 Nh1 55. Ng4 Ng3+ 56. Kf2 Kf4
57. Nh2 Ne4+ 58. Kg2 Rg7+ 59. Kh3 Nf2+ {White forfeits on time} 0-1

[Event "ICC tourney 1979 (3 2)"]
[Site "Internet Chess Club"]
[Date "2020.08.28"]
[Round "8"]
[White "AJRChess2011"]
[Black "Jeffchess"]
[Result "0-1"]
[ICCResult "White checkmated"]
[WhiteElo "1321"]
[BlackElo "1313"]
[Opening "Caro-Kann defense"]
[ECO "B10"]
[NIC "CK.01"]
[Time "21:45:04"]
[TimeControl "180+2"]

1. e4 c6 2. Nf3 a5 3. d4 a4 4. Nc3 e6 5. Bf4 a3 6. bxa3 Bxa3 7. d5 Bb2 8.
Rb1 Bxc3+ 9. Bd2 Bxd2+ 10. Qxd2 cxd5 11. exd5 Rxa2 12. Bc4 Ra7 13. Qd4 Qa5+
14. c3 Nf6 15. dxe6 dxe6 16. O-O Nc6 17. Qe3 Qf5 18. Bb5 Qe4 19. Bxc6+ Qxc6
20. Qxa7 O-O 21. Qd4 Nd5 22. c4 Nf6 23. Rb6 Qd7 24. Rd6 Qe7 25. Rd1 Bd7 26.
Qb6 Bc6 27. Qd4 Ra8 28. Rd8+ Rxd8 29. Qxd8+ Qf8 30. Ne5 Be8 31. Qc7 g6 32.
Qxb7 Kg7 33. Qf3 Qe7 34. Nc6 Bxc6 35. Qxc6 Qa7 36. Qf3 h5 37. Qc3 Qe7 38. c5
Kh6 39. c6 Qc7 40. Rb1 Ng4 41. h3 Qh2+ 42. Kf1 Qh1+ 43. Ke2 Qxb1 44. hxg4
Qe4+ 45. Kf1 Qb1+ 46. Ke2 Qb5+ 47. Kd2 Qd5+ 48. Kc2 Qe4+ 49. Kb3 Qd5+ 50.
Kb2 Qb5+ 51. Kc2 Qe2+ 52. Kb3 Qb5+ 53. Ka2 Qa4+ 54. Kb1 Qa8 55. c7 Qb7+ 56.
Kc2 Qc8 57. f4 hxg4 58. Qe5 f6 59. Qxf6 Qxc7+ 60. Kd3 Qd6+ 61. Ke2 Kh7 62.
Qf7+ Kh8 63. Qf8+ Qxf8 64. Ke3 Qa3+ 65. Ke4 Qb2 66. Ke3 Qc3+ 67. Kf2 Qd2+
68. Kg3 Qe2 69. Kh2 e5 70. fxe5 g5 71. e6 Qe3 72. e7 g3+ 73. Kh1 Qe1#
{White checkmated}
0-1

[Event "ICC tourney 1979 (3 2)"]
[Site "Internet Chess Club"]
[Date "2020.08.28"]
[Round "8"]
[White "EsatERGIN"]
[Black "cjcardoso"]
[Result "1-0"]
[ICCResult "Black resigns"]
[WhiteElo "1667"]
[BlackElo "1420"]
[Opening "Caro-Kann: Panov-Botvinnik attack"]
[ECO "B13"]
[NIC "CK.03"]
[Time "21:44:57"]
[TimeControl "180+2"]

1. e4 c6 2. d4 d5 3. exd5 cxd5 4. c4 Nf6 5. Nc3 Nc6 6. Bg5 Be6 7. a3 g6 8.
Bxf6 exf6 9. cxd5 Bxd5 10. Nge2 Bg7 11. Nf4 Ne7 12. Nfxd5 Nxd5 13. Bb5+ Kf8
14. O-O Bh6 15. Re1 Kg7 16. Qf3 Nc7 17. Bc4 Re8 18. Qxb7 Rxe1+ 19. Rxe1 Rb8
20. Qxa7 Rxb2 21. Na4 Rd2 22. d5 Rc2 23. Bb3 Bd2 24. Rd1 Rc1 25. Rxc1 Bxc1
26. Qc5 Bf4 27. Nb6 Qd6 28. Qxd6 Bxd6 29. Nc4 Bc5 30. d6 Ne6 31. d7 Be7 32.
a4 Bc5 33. a5 Kf8 34. Nb6 Ke7 35. Ba4 Nc7 36. Nc8+ Kd8 37. Kf1 Bb4 38. Nb6
Bxa5 39. Nc4 Bb4 40. Ke2 Na6 41. Bb5 Nc5 42. Nb6 Ba5 43. Nd5 Nxd7 44. Bxd7
Kxd7 45. Nxf6+ Ke6 46. Nxh7 Bb6 47. Ng5+ Ke7 48. f4 Bc7 49. Kf3 Kf6 50. Ne4+
Ke7 51. Nc3 Ke6 52. g4 Kf6 53. Nd5+ {Black resigns} 1-0

[Event "ICC tourney 1979 (3 2)"]
[Site "Internet Chess Club"]
[Date "2020.08.28"]
[Round "8"]
[White "Kinawa"]
[Black "auggie29"]
[Result "1-0"]
[ICCResult "Black checkmated"]
[WhiteElo "1482"]
[BlackElo "1252"]
[Opening "French: Tarrasch, open variation, main line"]
[ECO "C09"]
[NIC "FR.22"]
[Time "21:45:05"]
[TimeControl "180+2"]

1. e4 e6 2. d4 d5 3. Nd2 c5 4. Ngf3 Nc6 5. exd5 exd5 6. Bb5 a6 7. Bxc6+ bxc6
8. O-O Be7 9. dxc5 Bxc5 10. Nb3 Be7 11. Re1 Nf6 12. Nbd4 Bd7 13. Qe2 Ne4 14.
Nd2 O-O 15. Nxe4 dxe4 16. Qxe4 Re8 17. Qf3 Bc5 18. Rxe8+ Qxe8 19. Be3 Bxd4
20. Bxd4 Qe6 21. Bc3 Re8 22. h3 h6 23. Re1 Qd6 24. Rxe8+ Bxe8 25. Qg4 Qg6
26. Qxg6 fxg6 27. Kf1 Bf7 28. a3 g5 29. Ke2 Kf8 30. Ke3 Ke7 31. Bxg7 h5 32.
f4 gxf4+ 33. Kxf4 Bg6 34. c3 Kf7 35. Bd4 Ke6 36. g4 hxg4 37. hxg4 Bc2 38.
Kg5 Kf7 39. Bc5 Kg7 40. Bd4+ Kf7 41. Kh6 a5 42. b4 axb4 43. cxb4 Bd3 44. a4
Bc2 45. b5 cxb5 46. axb5 Be4 47. b6 Kg8 48. g5 Kf7 49. Be5 Kg8 50. g6 Kf8
51. Kh7 Ke8 52. Kg7 Kd7 53. Kf7 Bxg6+ 54. Kxg6 Kc6 55. Bd4 Kb7 56. Kf6 Kc6
57. Ke6 Kb7 58. Kd6 Kb8 59. Kc5 Kb7 60. Kb5 Kb8 61. Ka6 Ka8 62. b7+ Kb8 63.
Bg1 Kc7 64. Ka7 Kd7 65. b8=Q Ke6 66. Qd8 Ke5 67. Qd7 Kf6 68. Qe8 Kf5 69. Qe7
Kf4 70. Qe6 Kg5 71. Qf7 Kh6 72. Qg8 Kh5 73. Kb6 Kh6 74. Kc6 Kh5 75. Kd6 Kh4
76. Ke5 Kh3 77. Kf4 Kh4 78. Qh7# {Black checkmated} 1-0

[Event "ICC tourney 1979 (3 2)"]
[Site "Internet Chess Club"]
[Date "2020.08.28"]
[Round "8"]
[White "weakfish"]
[Black "ab4gm"]
[Result "0-1"]
[ICCResult "White resigns"]
[WhiteElo "1291"]
[BlackElo "1378"]
[Opening "Clemenz (Mead's, Basman's or de Klerk's) opening"]
[ECO "A00"]
[Time "21:49:42"]
[TimeControl "180+2"]

1. h3 e5 2. e4 Nc6 3. Nc3 Nf6 4. a3 d6 5. Bb5 d5 6. exd5 Nxd5 7. Bxc6+ bxc6
8. Nge2 Nxc3 9. Nxc3 Bc5 10. d3 Qf6 11. O-O Qg6 12. Kh2 Bd6 13. Ne4 O-O 14.
Qf3 Bf5 15. Re1 Bxe4 16. Qxe4 Qxe4 17. Rxe4 f6 18. Bd2 f5 19. Re2 e4+ 20. g3
exd3 21. cxd3 Rfe8 22. Rae1 Rxe2 23. Rxe2 Rb8 24. b4 Kf7 25. Bc3 c5 26. Rb2
cxb4 27. axb4 c5 28. Kg2 cxb4 29. Bxb4 Rxb4 30. Ra2 Rb7 31. Ra5 g6 32. Ra6
Bc5 33. Kf3 Rb6 34. Ra5 Rc6 35. Ke2 Bb6 36. Ra6 Rc2+ 37. Kf1 Rxf2+ 38. Ke1
Rf3 39. Ke2 Rxg3 40. h4 Rh3 41. Ra4 Rh2+ 42. Kf3 Rf2+ 43. Kg3 f4+ 44. Kg4
h5+ 45. Kg5 Bd8+ 46. Kh6 Bb6 47. d4 Kf6 48. d5 Re2 49. Rxf4+ Ke5 50. Ra4
Kxd5 51. Kxg6 Re5 52. Rf4 Bc7 53. Rf7 Bb6 54. Rd7+ Ke6 55. Rh7 a5 56. Rb7
Rb5 57. Rb8 a4 58. Re8+ Kd7 59. Ra8 Ra5 60. Rh8 a3 61. Rh7+ Kc6 62. Rh8 a2
63. Rc8+ Kb7 64. Rc1 a1=Q 65. Rxa1 Rxa1 66. Kxh5 Rh1 67. Kg4 Bd8 68. h5 Rh4+
69. Kf5 Rxh5+ {White resigns} 0-1

[Event "ICC tourney 1979 (3 2)"]
[Site "Internet Chess Club"]
[Date "2020.08.28"]
[Round "9"]
[White "AJRChess2011"]
[Black "UltimateDL"]
[Result "0-1"]
[ICCResult "White checkmated"]
[WhiteElo "1307"]
[BlackElo "1242"]
[Opening "Sicilian: Labourdonnais-Löwenthal variation"]
[ECO "B32"]
[NIC "SI.32"]
[Time "22:01:23"]
[TimeControl "180+2"]

1. e4 c5 2. Nf3 Nc6 3. d4 cxd4 4. Nxd4 e5 5. Nf3 Nf6 6. Nc3 Bb4 7. Bd3 O-O
8. Bd2 d5 9. exd5 Nxd5 10. Nxd5 Qxd5 11. O-O Bxd2 12. Qxd2 Qd8 13. Rfe1 f6
14. Bc4+ Kh8 15. Qxd8 Rxd8 16. Rad1 Bf5 17. c3 Bg4 18. Be2 a6 19. b3 Rac8
20. c4 Bxf3 21. Bxf3 Nd4 22. Bxb7 Rc7 23. Bxa6 Ra7 24. Bb5 Rxa2 25. Re3 Ne2+
26. Rxe2 Rxd1+ 27. Re1 Rxe1# {White checkmated} 0-1

[Event "ICC tourney 1979 (3 2)"]
[Site "Internet Chess Club"]
[Date "2020.08.28"]
[Round "9"]
[White "clair"]
[Black "nbankulla"]
[Result "1-0"]
[ICCResult "Black checkmated"]
[WhiteElo "1238"]
[BlackElo "1156"]
[Opening "Queen's pawn, Mason variation"]
[ECO "D00"]
[NIC "QP.08"]
[Time "22:01:53"]
[TimeControl "180+2"]

1. d4 d5 2. Bf4 Nf6 3. e3 Bf5 4. c4 c6 5. Qb3 Qb6 6. c5 Qxb3 7. axb3 Nbd7 8.
Nc3 e6 9. b4 Be7 10. b5 O-O 11. Nf3 Ne4 12. Ne5 Ndf6 13. bxc6 bxc6 14. Nxc6
Rfc8 15. Nxe7+ Kh8 16. Nxc8 Rxc8 17. Rxa7 Ng4 18. Nxe4 Bxe4 19. f3 Nxe3 20.
fxe4 Nc4 21. Bxc4 dxc4 22. O-O h6 23. Rxf7 Rd8 24. Be5 Kh7 25. Rxg7+ Kh8 26.
Rd7+ Kg8 27. Rxd8+ Kh7 28. Rf7+ Kg6 29. Rg7+ Kh5 30. g4+ Kh4 31. Kg2 c3 32.
bxc3 h5 33. Bf6# {Black checkmated} 1-0

[Event "ICC tourney 1979 (3 2)"]
[Site "Internet Chess Club"]
[Date "2020.08.28"]
[Round "9"]
[White "sanjayselvam"]
[Black "oxdidi"]
[Result "1-0"]
[ICCResult "Black checkmated"]
[WhiteElo "1461"]
[BlackElo "1154"]
[Opening "Queen's pawn: London system"]
[ECO "A45"]
[NIC "QP.07"]
[Time "22:02:10"]
[TimeControl "180+2"]

1. d4 Nf6 2. Bf4 g6 3. e3 Bg7 4. c3 d6 5. Nf3 O-O 6. h3 Nbd7 7. Be2 b6 8.
O-O Bb7 9. Re1 c5 10. Nbd2 Qc7 11. Bd3 d5 12. Bxc7 c4 13. Bc2 Rac8 14. Be5
Nxe5 15. Nxe5 Ne4 16. Nxe4 dxe4 17. Qe2 Rcd8 18. f3 Rfe8 19. fxe4 Bxe5 20.
dxe5 f6 21. Qxc4+ e6 22. Rf1 fxe5 23. Qc7 Ba6 24. Rf7 Rf8 25. Rg7+ Kh8 26.
Rxh7+ Kg8 27. Qg7# {Black checkmated} 1-0

[Event "ICC tourney 1979 (3 2)"]
[Site "Internet Chess Club"]
[Date "2020.08.28"]
[Round "9"]
[White "kurohaze"]
[Black "strangerthingz"]
[Result "1-0"]
[ICCResult "Black forfeits on time"]
[WhiteElo "1432"]
[BlackElo "1358"]
[Opening "Queen's pawn game, Darooha variation "]
[ECO "D02"]
[NIC "QP.08"]
[Time "22:01:18"]
[TimeControl "180+2"]

1. d4 d5 2. Nf3 Nf6 3. g3 c6 4. Bg2 Bf5 5. O-O e6 6. Nbd2 Nbd7 7. c4 Be7 8.
a3 O-O 9. b4 dxc4 10. Nxc4 Nb6 11. Nxb6 Qxb6 12. Bb2 Rfd8 13. Ne5 Qc7 14.
Re1 Bd6 15. Nc4 Rac8 16. e4 b5 17. Na5 Bxe4 18. Bxe4 h6 19. Bxc6 Be7 20. Rc1
Qb6 21. Qd3 {Black forfeits on time} 1-0

[Event "ICC tourney 1979 (3 2)"]
[Site "Internet Chess Club"]
[Date "2020.08.28"]
[Round "9"]
[White "Snuffleupegus"]
[Black "rcsong"]
[Result "0-1"]
[ICCResult "White resigns"]
[WhiteElo "1490"]
[BlackElo "1453"]
[Opening "Réti opening"]
[ECO "A04"]
[NIC "QP.11"]
[Time "22:01:22"]
[TimeControl "180+2"]

1. Nf3 e6 2. g3 d5 3. Bg2 c5 4. d3 Nf6 5. Nc3 Nc6 6. O-O Be7 7. e4 O-O 8.
Ne1 a6 9. f4 dxe4 10. Nxe4 Rb8 11. b3 Nxe4 12. Bxe4 Bf6 13. Rb1 Nb4 14. a3
Nd5 15. c4 Nc3 16. Qc2 Nxb1 17. Qxb1 b5 18. Qc2 Bb7 19. Nf3 Bxe4 20. dxe4
Bd4+ 21. Nxd4 Qxd4+ 22. Kg2 bxc4 23. Bb2 Qd3 24. Qc1 Rxb3 25. Rd1 Rxb2+
{White resigns}
0-1

[Event "ICC tourney 1979 (3 2)"]
[Site "Internet Chess Club"]
[Date "2020.08.28"]
[Round "9"]
[White "stgummadi"]
[Black "ztraynor"]
[Result "0-1"]
[ICCResult "White forfeits on time"]
[WhiteElo "1019"]
[BlackElo "1080"]
[Opening "Caro-Kann: advance variation"]
[ECO "B12"]
[NIC "CK.04"]
[Time "22:02:10"]
[TimeControl "180+2"]

1. e4 c6 2. d4 d5 3. e5 Bf5 4. Nf3 e6 5. h3 c5 6. c3 Nc6 7. Be3 Qb6 8. Qd2
f6 9. g4 Be4 10. Bg2 cxd4 11. cxd4 Bb4 12. Nc3 fxe5 {White forfeits on time}
0-1

[Event "ICC tourney 1979 (3 2)"]
[Site "Internet Chess Club"]
[Date "2020.08.28"]
[Round "9"]
[White "ab4gm"]
[Black "SuperBlueSky"]
[Result "0-1"]
[ICCResult "White checkmated"]
[WhiteElo "1355"]
[BlackElo "1361"]
[Opening "Giuoco Pianissimo: Italian four knights variation"]
[ECO "C47"]
[NIC "KP.06"]
[Time "22:01:22"]
[TimeControl "180+2"]

1. e4 e5 2. Nf3 Nc6 3. Nc3 Nf6 4. Bc4 Bc5 5. d3 h6 6. h3 d6 7. Be3 Bb6 8.
O-O Na5 9. Nd5 Nxc4 10. dxc4 O-O 11. Nxb6 axb6 12. Qd2 Be6 13. b3 Nxe4 14.
Qd3 f5 15. Rfe1 Qf6 16. Bd2 Nxd2 17. Qxd2 Qg6 18. Nh4 Qh5 19. Nf3 f4 20. Qd3
Qf5 21. Qxf5 Bxf5 22. Rac1 g5 23. h4 g4 24. Nd2 Kh7 25. Ne4 Bxe4 26. Rxe4
Rg8 27. a4 g3 28. fxg3 Rxg3 29. Rf1 Rag8 30. Rf2 R3g4 31. Ree2 Rxh4 32. Kf1
Rh1# {White checkmated} 0-1

[Event "ICC tourney 1979 (3 2)"]
[Site "Internet Chess Club"]
[Date "2020.08.28"]
[Round "9"]
[White "kushagra12"]
[Black "CastledQueen"]
[Result "1-0"]
[ICCResult "Black resigns"]
[WhiteElo "1405"]
[BlackElo "1468"]
[Opening "QP counter-gambit (elephant gambit)"]
[ECO "C40"]
[NIC "KP.10"]
[Time "22:01:29"]
[TimeControl "180+2"]

1. e4 e5 2. Nf3 d5 3. exd5 e4 4. Ng1 Qxd5 5. Nc3 Qe6 6. Be2 Nf6 7. d4 exd3
8. cxd3 Bd6 9. d4 c6 10. Nf3 O-O 11. O-O Re8 12. Re1 Qd7 13. Bg5 Be7 14. Ne5
Qc7 15. Bc4 Be6 16. Bxe6 fxe6 17. Nc4 h6 18. Bh4 Bd8 19. Bg3 Qf7 20. Ne5 Qf8
21. Ne4 Nd5 22. Qh5 Na6 23. Ng6 Qb4 24. Ne5 Bf6 25. Qf7+ Kh7 26. Nxf6+ Nxf6
27. Qg6+ Kg8 28. Rad1 Rad8 29. Bh4 Rxd4 30. Bxf6 Re7 31. Bxe7 Rxd1 32. Rxd1
Qxe7 33. Rd7 Qf8 34. Rf7 {Black resigns} 1-0

[Event "ICC tourney 1979 (3 2)"]
[Site "Internet Chess Club"]
[Date "2020.08.28"]
[Round "9"]
[White "challenger2010"]
[Black "hursha6b5"]
[Result "1-0"]
[ICCResult "Black resigns"]
[WhiteElo "2027"]
[BlackElo "1608"]
[Opening "Ruy Lopez: exchange variation, Alapin gambit"]
[ECO "C68"]
[NIC "RL.08"]
[Time "22:01:22"]
[TimeControl "180+2"]

1. e4 e5 2. Nf3 Nc6 3. Bb5 a6 4. Bxc6 dxc6 5. O-O Bg4 6. h3 h5 7. d3 Qf6 8.
Re1 Bxf3 9. Qxf3 Qxf3 10. gxf3 O-O-O 11. f4 exf4 12. Bxf4 Be7 13. Nc3 g5 14.
Be3 Nf6 15. Bxg5 Rhg8 16. f4 Nd7 17. Kh1 Bxg5 18. fxg5 Rxg5 19. Rg1 Rdg8 20.
Rxg5 Rxg5 21. Rg1 Rxg1+ 22. Kxg1 Ne5 23. Kf2 Kd7 24. Ne2 Ng6 25. Kg3 Kd6 26.
Nf4 Ke5 27. Nxh5 c5 28. Ng7 c4 29. Nf5 cxd3 30. cxd3 Nf4 31. h4 Nxd3 32. h5
Nf4 33. Kg4 Kxe4 34. Nh4 c5 35. h6 Nd5 36. Kg5 f6+ 37. Kg6 Ne7+ 38. Kf7 Nc6
39. h7 Ne5+ 40. Kg7 {Black resigns} 1-0

[Event "ICC tourney 1979 (3 2)"]
[Site "Internet Chess Club"]
[Date "2020.08.28"]
[Round "9"]
[White "Alec-hine"]
[Black "Chesschamp27"]
[Result "1-0"]
[ICCResult "Black resigns"]
[WhiteElo "1731"]
[BlackElo "1499"]
[Opening "Queen's pawn: Englund gambit"]
[ECO "A40"]
[NIC "QO.17"]
[Time "22:01:21"]
[TimeControl "180+2"]

1. d4 e5 2. dxe5 Nc6 3. Nf3 Qe7 4. Qd5 f6 5. exf6 Nxf6 6. Qd1 Qf7 7. e3 Bc5
8. Bd3 O-O 9. O-O d6 10. b3 Bg4 11. Be2 Kh8 12. Bb2 Rae8 13. h3 Bxf3 14.
Bxf3 Qd7 15. Nc3 b6 16. Nd5 Nxd5 17. Qxd5 Ne5 18. Be2 Qf5 19. Rad1 Qg6 20.
a3 Rf5 21. Qd2 d5 22. Bxe5 Rexe5 23. Bd3 Qg5 24. Bxf5 Rxf5 25. Qe2 Rf6 26.
b4 Rg6 27. Qg4 Qd8 28. Qf3 Bd6 29. Rxd5 h6 30. Rfd1 Qg5 31. Rxg5 Rxg5 32. c4
{Black resigns}
1-0

[Event "ICC tourney 1979 (3 2)"]
[Site "Internet Chess Club"]
[Date "2020.08.28"]
[Round "9"]
[White "OctopusYule"]
[Black "EsatERGIN"]
[Result "0-1"]
[ICCResult "White forfeits on time"]
[WhiteElo "1571"]
[BlackElo "1677"]
[Opening "Ruy Lopez: modern Steinitz defense, fianchetto (Bronstein) variation"]
[ECO "C76"]
[NIC "RL.11"]
[Time "22:01:14"]
[TimeControl "180+2"]

1. e4 e5 2. Nf3 Nc6 3. Bb5 a6 4. Ba4 d6 5. c3 Bd7 6. d4 g6 7. d5 Nb8 8.
Bxd7+ Nxd7 9. O-O Bg7 10. Re1 Ne7 11. Na3 O-O 12. Nc4 h6 13. Bd2 f5 14. exf5
gxf5 15. Qc1 Kh7 16. Qd1 e4 17. Nh4 Nxd5 18. Qh5 Qe8 19. Qxe8 Raxe8 20. Ne3
Nxe3 21. Bxe3 Ne5 22. Rad1 Nd3 23. Re2 c5 24. f3 d5 25. b3 Bxc3 26. Rc2 Bd4
27. Bxd4 cxd4 28. Rc7+ Kg8 29. Ng6 Rf7 30. Rxf7 Kxf7 31. Nh4 Kf6 32. Rd2 e3
{White forfeits on time}
0-1

[Event "ICC tourney 1979 (3 2)"]
[Site "Internet Chess Club"]
[Date "2020.08.28"]
[Round "9"]
[White "QueenHM"]
[Black "VirginiaGuy"]
[Result "1-0"]
[ICCResult "Black forfeits on time"]
[WhiteElo "1371"]
[BlackElo "1240"]
[Opening "King's gambit"]
[ECO "C30"]
[NIC "KG.05"]
[Time "22:01:21"]
[TimeControl "180+2"]

1. e4 e5 2. f4 d6 3. Bc4 Nf6 4. Nc3 Be6 5. Bxe6 fxe6 6. Nf3 Be7 7. O-O exf4
8. d4 Nc6 9. Bxf4 O-O 10. Ng5 Qd7 11. d5 exd5 12. exd5 Nd8 13. Nce4 Nxe4 14.
Nxe4 Nf7 15. Qh5 Qb5 16. Bg5 Bxg5 17. Nxg5 Nxg5 18. Rxf8+ Rxf8 19. Qxg5 Qc5+
20. Kh1 Qf2 21. h3 Qxc2 22. Qe7 Qxb2 23. Re1 Qf2 24. Qe6+ Qf7 25. Qg4 Qf2
26. Qe6+ Kh8 27. Kh2 Qf4+ 28. Kh1 Qf2 29. Qe7 Qf7 30. Qe4 Qf2 31. Qe7 h6 32.
Re3 Qf1+ 33. Kh2 Qf4+ 34. Rg3 {Black forfeits on time} 1-0

[Event "ICC tourney 1979 (3 2)"]
[Site "Internet Chess Club"]
[Date "2020.08.28"]
[Round "9"]
[White "chessrex"]
[Black "NonnaThat"]
[Result "0-1"]
[ICCResult "White checkmated"]
[WhiteElo "1941"]
[BlackElo "1892"]
[Opening "Blackmar-Diemer gambit"]
[ECO "A45"]
[NIC "QP.07"]
[Time "22:01:26"]
[TimeControl "180+2"]

1. d4 Nf6 2. f3 d5 3. e4 dxe4 4. Nc3 exf3 5. Nxf3 Bg4 6. h3 Bxf3 7. Qxf3 Nc6
8. Bb5 Qd6 9. d5 a6 10. dxc6 axb5 11. cxb7 Rb8 12. Bf4 Qb6 13. O-O-O e6 14.
Be5 Qxb7 15. Qg3 b4 16. Bxf6 gxf6 17. Nd5 exd5 18. Rhe1+ Be7 19. Qg7 Rf8 20.
Qxf6 c6 21. Re5 Kd8 22. Qf5 Qa6 23. Rde1 Rb7 24. Kb1 Ra7 25. a3 bxa3 26. b3
a2+ 27. Ka1 Qa5 28. R1e3 Qa3 29. Rxd5+ cxd5 30. Qxd5+ Qd6 31. Qh5 Bf6+ 32.
c3 Re8 33. Rxe8+ Kxe8 34. Qe2+ Qe5 35. Qxe5+ Bxe5 36. Kb2 a1=Q+ 37. Kc2
Qxc3+ 38. Kd1 Ra2 39. g4 Qd2# {White checkmated} 0-1

[Event "ICC tourney 1979 (3 2)"]
[Site "Internet Chess Club"]
[Date "2020.08.28"]
[Round "9"]
[White "blackjack721"]
[Black "wildrumpus"]
[Result "0-1"]
[ICCResult "White checkmated"]
[WhiteElo "1298"]
[BlackElo "1314"]
[Opening "Caro-Kann defense"]
[ECO "B15"]
[NIC "CK.05"]
[Time "22:01:18"]
[TimeControl "180+2"]

1. e4 c6 2. d4 d5 3. Nc3 dxe4 4. Nxe4 Nf6 5. Ng3 Bg4 6. f3 Bh5 7. Bc4 e6 8.
c3 Bg6 9. Nh3 Be7 10. Nf4 O-O 11. O-O Qc7 12. Nxg6 hxg6 13. f4 Nbd7 14. Qf3
Nb6 15. Bb3 a5 16. f5 exf5 17. c4 a4 18. Bf4 Qd8 19. c5 axb3 20. cxb6 Rxa2
21. Rad1 Rxb2 22. Be5 Qxb6 23. h4 Nd5 24. h5 f6 25. Bf4 g5 26. Bc1 Ra2 27.
Qxf5 b2 28. h6 gxh6 29. Qg6+ Kh8 30. Qxh6+ Kg8 31. Qg6+ Kh8 32. Bxg5 fxg5
33. Rxf8+ Bxf8 34. Nh5 Ra1 35. Rxa1 Qxd4+ 36. Kh2 bxa1=Q 37. Qxg5 Qe5+ 38.
Qxe5+ Qxe5+ 39. Ng3 Ne3 40. Kh3 Bd6 41. Ne2 Qh5# {White checkmated} 0-1

[Event "ICC tourney 1979 (3 2)"]
[Site "Internet Chess Club"]
[Date "2020.08.28"]
[Round "9"]
[White "aryababu25"]
[Black "jthebest"]
[Result "1-0"]
[ICCResult "Black checkmated"]
[WhiteElo "1354"]
[BlackElo "1193"]
[Opening "QGD: symmetrical (Austrian) defense"]
[ECO "D06"]
[NIC "QP.08"]
[Time "22:01:35"]
[TimeControl "180+2"]

1. d4 d5 2. c4 c5 3. Nc3 Nc6 4. e3 e6 5. Nf3 Bd6 6. Bd3 Nf6 7. e4 dxc4 8.
Bxc4 cxd4 9. Nxd4 Nxd4 10. Qxd4 e5 11. Qd3 Be6 12. Bb3 O-O 13. O-O Qb6 14.
Be3 Rad8 15. Bxb6 axb6 16. Qg3 Nh5 17. Qg5 Nf6 18. f3 Bc5+ 19. Kh1 Rfe8 20.
Rad1 h6 21. Qg3 Nh5 22. Qh4 Nf6 23. Rxd8 Rxd8 24. Bxe6 fxe6 25. h3 Rd2 26.
Qg3 Rxb2 27. Qxe5 Nd7 28. Qxe6+ Kh7 29. Qxd7 Bb4 30. Qf5+ Kh8 31. Rd1 Kg8
32. Rd8+ Bf8 33. Qxf8+ Kh7 34. Qh8+ Kg6 35. Rd6+ Kh5 36. Qxg7 Rb5 37. Qg4#
{Black checkmated}
1-0

[Event "ICC tourney 1979 (3 2)"]
[Site "Internet Chess Club"]
[Date "2020.08.28"]
[Round "9"]
[White "Jeffchess"]
[Black "weakfish"]
[Result "0-1"]
[ICCResult "White checkmated"]
[WhiteElo "1296"]
[BlackElo "1308"]
[Opening "Van't Kruijs opening"]
[ECO "A00"]
[Time "22:01:18"]
[TimeControl "180+2"]

1. e3 e5 2. d3 d5 3. h3 Nc6 4. a3 Nf6 5. Be2 Bf5 6. Bd2 Bc5 7. g4 Bg6 8. h4
h6 9. h5 Bh7 10. Nc3 d4 11. exd4 exd4 12. Na2 O-O 13. Nh3 Re8 14. c3 dxc3
15. Bxc3 Bd4 16. Qc2 Qd5 17. Rg1 Qf3 18. Rg3 Bxc3+ 19. Nxc3 Bxd3 20. Qxd3
Qh1+ 21. Ng1 Qh2 22. Nf3 Qh1+ 23. Rg1 Qh3 24. O-O-O Rad8 25. Qc2 Rxd1+ 26.
Qxd1 Nxg4 27. Qf1 Qxf1+ 28. Rxf1 a6 29. Rg1 Nxf2 30. Bc4 Ne4 31. Nxe4 Rxe4
32. Nd2 Rh4 33. Rf1 Ne5 34. Be2 Rh2 35. Kd1 f6 36. Nf3 Nxf3 37. Bxf3 Rxb2
38. Re1 Kf7 39. Bd5+ Kf8 40. Be4 Ra2 41. Bg6 Ra1+ 42. Kd2 Rxe1 43. Kxe1 Ke7
44. Kd2 Ke6 45. Kd3 f5 46. Kd4 Kf6 47. Kd5 Kg5 48. Ke5 f4 49. Ke4 Kg4 50.
Bf5+ Kg3 51. Kd3 c5 52. Ke2 b6 53. Be4 b5 54. Bb7 a5 55. Be4 b4 56. axb4
cxb4 57. Bc2 Kg4 58. Kf2 Kxh5 59. Kf3 Kg5 60. Bb3 h5 61. Kg2 h4 62. Kh3 g6
63. Kg2 Kh5 64. Kf3 g5 65. Bf7+ Kh6 66. Kg4 a4 67. Ba2 b3 68. Bb1 a3 69. Kf3
a2 70. Bf5 b2 71. Kg2 b1=Q 72. Bxb1 axb1=Q 73. Kh2 Qf5 74. Kg1 Qc2 75. Kf1
Kh5 76. Kg1 Kg4 77. Kf1 Kf3 78. Kg1 Qg2# {White checkmated} 0-1

[Event "ICC tourney 1979 (3 2)"]
[Site "Internet Chess Club"]
[Date "2020.08.28"]
[Round "9"]
[White "Snowzera"]
[Black "auggie29"]
[Result "0-1"]
[ICCResult "White checkmated"]
[WhiteElo "1211"]
[BlackElo "1276"]
[Opening "Sicilian defense"]
[ECO "B30"]
[NIC "SI.31"]
[Time "22:01:22"]
[TimeControl "180+2"]

1. e4 c5 2. Nf3 Nc6 3. c3 e6 4. d4 d5 5. exd5 exd5 6. Qe2+ Qe7 7. Qxe7+ Bxe7
8. Bb5 a6 9. Bxc6+ bxc6 10. Bf4 Nf6 11. O-O O-O 12. Re1 Re8 13. Bg5 Bg4 14.
Bxf6 Bxf6 15. Rxe8+ Rxe8 16. Nbd2 Bg5 17. Nb3 Bxf3 18. gxf3 cxd4 19. Nxd4 c5
20. Nb3 c4 21. Nc5 Re2 22. b3 Bh4 23. bxc4 Bxf2+ 24. Kf1 Rc2 25. Nxa6 dxc4
26. Rd1 g6 27. Nb4 Rb2 28. h3 Bc5 29. Na6 Rf2+ 30. Ke1 Ba7 31. Ra1 Rh2 32.
a4 Rh1+ 33. Kd2 Rxa1 34. Nb4 Rxa4 35. Nc6 Ra2+ 36. Kc1 Be3+ 37. Kb1 Rh2 38.
Ne7+ Kf8 39. Nd5 Bc5 40. Nf6 Rxh3 41. Ne4 Be7 42. Nd2 Bg5 43. Nxc4 Rg3 44.
Ne5 Bf6 45. Nd7+ Kg7 46. c4 Rxf3 47. c5 Rc3 48. Ka2 Bd4 49. Nb6 Bxc5 50. Na4
Bd4 51. Kb1 Rb3+ 52. Ka2 Rb2+ 53. Nxb2 Bxb2 54. Kxb2 g5 55. Kc2 f5 56. Kd2
Kg6 57. Ke2 h5 58. Kf3 g4+ 59. Kg3 Kg5 60. Kg2 f4 61. Kf2 h4 62. Ke2 g3 63.
Kf3 h3 64. Ke4 h2 65. Ke5 h1=Q 66. Ke6 g2 67. Kf7 g1=Q 68. Ke6 f3 69. Ke5 f2
70. Ke6 f1=Q 71. Ke5 Qe3+ 72. Kd6 Qf6+ 73. Kd7 Qee7+ 74. Kc8 Qa8#
{White checkmated}
0-1